 Dungeon Crawl Stone Soup version 0.19-b1-4-gd8a0a2a (webtiles) character file.

473 Peloso the Slasher (level 7, -6/59 HPs)
             Began as a Ghoul Fighter on Oct 31, 2016.
             Mangled by an ogre
             ... wielding a +0 giant club
              (31 damage)
             ... on level 4 of the Dungeon.
             The game lasted 00:14:31 (3544 turns).

Peloso the Slasher (Ghoul Fighter)                  Turns: 3544, Time: 00:14:32

Health: -6/59      AC:  6    Str: 20    XL:     7   Next: 10%
Magic:  6/6        EV:  7    Int:  3    God:
Gold:   139        SH:  9    Dex: 10    Spells: 0 memorised, 6 levels left

rFire  + . .     SeeInvis .     a - +0 long sword
rCold  . . .     Gourm    .     b - +0 scale mail
rNeg   + + +     Faith    .     c - +0 shield
rPois  ∞         Spirit   .     (no helmet)
rElec  .         Reflect  .     (no cloak)
rCorr  .         Harm     +     (no gloves)
MR     .....                    (no boots)
Stlth  ..........               p - amulet of harm
                                (no ring)
                                e - ring of fire

@: rotting
A: rotting body, claws 1, carnivore 3, cold resistance 1, negative energy
resistance 3, slow regeneration 1, torment resistance, unbreathing
a: no special abilities


You were on level 4 of the Dungeon.
You were not hungry.

You visited 1 branch of the dungeon, and saw 4 of its levels.
You also visited: Sewer.

You collected 139 gold pieces.

Inventory:

Hand Weapons
 a - a +0 long sword (weapon)
 n - a +1 dagger of flaming
 q - a +2 whip of flaming
Armour
 b - a +0 scale mail (worn)
 c - a +0 shield (worn)
Jewellery
 e - a ring of fire (left claw)
 p - an amulet of harm (around neck)
Scrolls
 g - 2 scrolls of identify {unknown}
 j - 3 scrolls of remove curse {unknown}
 k - a scroll of recharging {unknown}
 r - 3 scrolls of blinking {unknown}
 t - a scroll of amnesia {unknown}
Potions
 d - a potion of might
 l - a potion of heal wounds {unknown}
 m - a potion of haste {unknown}
 o - a potion of brilliance {unknown}
 s - 2 potions of curing
 u - a potion of agility {unknown}
Comestibles
 f - 2 meat rations
 h - a royal jelly
 i - 2 beef jerkies


   Skills:
 + Level 4.2 Fighting
 + Level 4.7 Long Blades
 + Level 3.5 Armour
 + Level 1.0 Dodging
 + Level 0.8 Stealth
 + Level 4.1 Shields


You had 6 spell levels left.
You didn't know any spells.

Dungeon Overview and Level Annotations

Branches:
Dungeon (4/15)
 Temple: D:4-7

Altars:


Innate Abilities, Weirdness & Mutations

Your body is rotting away.
You thrive on raw meat.
You are immune to poison.
You have sharp fingernails.
You are carnivorous and can eat meat at any time.
Your flesh is cold resistant. (rC+)
You are immune to negative energy. (rN+++)
You regenerate slowly when monsters are visible.
You are immune to unholy pain and torment.
You can survive without breathing.


Message History

You hear a shout!
You hit the howler monkey.
The howler monkey is heavily wounded.
The howler monkey hits you. You block the howler monkey's attack.
You slash the howler monkey!
The howler monkey is almost dead.
The howler monkey hits you.
An ogre comes into view. It is wielding a giant club.
You barely miss the howler monkey.
The howler monkey is almost dead.
The howler monkey hits you. You block the howler monkey's attack.
You hit the howler monkey but do no damage.
The howler monkey is almost dead.
The howler monkey hits you.
You slash the howler monkey!
You kill the howler monkey!
You barely miss the ogre. The ogre hits you with a giant club!!
You closely miss the ogre. The ogre hits you with a giant club!!
Ouch! That really hurt!
You die...

#.## #.# #.# #.########
#........##############
#.######..............!
#.# ########.>.#### #.#
######.....### #.#
#..@O.......... #.#
#.####.....#### #.. ..
##...## ## ## ##.## .#
.# .#


You could see an ogre.

Vanquished Creatures
  A bullfrog (Sewer)
  A howler monkey (D:4)
  An orc priest (D:3)
  An orc wizard (D:4)
  A worker ant (D:4)
  7 adders
  10 oozes
  4 worms
  17 leopard geckos
  13 orcs
  12 ball pythons (Sewer)
  17 giant cockroaches
  5 goblins
  6 hobgoblins
  7 jackals (D:3)
  5 kobolds
  2 quokkas
  10 bats
  11 frilled lizards
  10 rats
141 creatures vanquished.

Notes
Turn   | Place    | Note
-------+----------+-------------------------------------------
     0 | D:1      | Peloso the Ghoul Fighter began the quest for the Orb.
     0 | D:1      | Reached XP level 1. HP: 19/19 MP: 0/0
   136 | D:1      | Reached XP level 2. HP: 23/26 MP: 1/1
   512 | D:2      | Found a faded altar of an unknown god.
   554 | D:2      | Reached XP level 3. HP: 12/31 MP: 2/2
   998 | D:3      | Reached XP level 4. HP: 10/40 MP: 3/3
  1456 | D:3      | Found a glowing drain.
  1503 | Sewer    | Entered a sewer
  1510 | Sewer    | Reached XP level 5. HP: 24/45 MP: 4/4
  2361 | Sewer    | Reached XP level 6. HP: 37/52 MP: 5/5
  3069 | D:3      | Reached skill level 1 in Dodging
  3467 | D:4      | Reached XP level 7. HP: 35/59 MP: 6/6
  3544 | D:4      | Mangled by an ogre

Skill      XL: |  1  2  3  4  5  6 |
---------------+-------------------+-----
Long Blades    | 2 3 4 |  4.7
Shields        | 3 4 |  4.1
Fighting       | 4 |  4.2
Armour         | 3 |  3.5
Dodging        | 1 |  1.0
Stealth        | |  0.8

Action                   |  1- 3 |  4- 6 |  7- 9 || total
-------------------------+-------+-------+-------++-------
Melee: Long sword        |   132 |   385 |    10 ||   527
  Use: Potion            |       |     1 |       ||     1
  Eat: Chunk             |     2 |    14 |     2 ||    18
Armor: Scale mail        |    72 |   193 |       ||   265
Dodge: Dodged            |    49 |   173 |       ||   222
Block: Shield            |    71 |   249 |     4 ||   324
       Rpst.: Long sword |    18 |    40 |       ||    58
